 Dungeon Crawl Stone Soup version 0.29-a0-1027-gcd8c55af63 (webtiles) character file.

Game seed: 2122489435289910063

23 porpoise the Chiller (level 2, 0/18 HPs)
             Began as an Octopode Ice Elementalist on Aug 14, 2022.
             Slain by an adder (2 damage)
             ... on level 2 of the Dungeon.
             The game lasted 00:03:37 (1394 turns).

porpoise the Chiller (Octopode Ice Elementalist)    Turns: 1394, Time: 00:03:38

Health: 0/18       AC:  1    Str: 13    XL:     2   Next: 95%
Magic:  5/5        EV: 13    Int: 17    God:
Gold:   77         SH:  0    Dex: 12    Spells: 4/5 levels left

rFire   . . .      SeeInvis .   (no weapon)
rCold   . . .      Faith    .   (no shield)
rNeg    . . .      Spirit   .   (helmet restricted)
rPois   .          Reflect  .   (no amulet)
rElec   .          Harm     .   e - +6 ring of strength
rCorr   .          Rampage  .   (no ring)
Will    .....                   (no ring)
Stlth   +++.......              (no ring)
HPRegen 0.06/turn               (no ring)
MPRegen 0.09/turn               (no ring)
                                (no ring)
                                (no ring)

@: lethally poisoned (0 -> -3), hasted, very quick
A: almost no armour, amphibious, 8 rings, camouflage 1, gelatinous body 1,
(nimble swimmer 1), tentacles
a: no special abilities


You were on level 2 of the Dungeon.
You visited 1 branch of the dungeon, and saw 2 of its levels.

You collected 77 gold pieces.

Inventory:

Missiles
 g - 6 datura-tipped darts
Jewellery
 e - a +6 ring of strength (left tentacle)
Scrolls
 c - a scroll of enchant armour {unknown}
Potions
 a - a potion of magic
 b - a potion of curing {unknown}
 f - a potion of invisibility {unknown}


   Skills:
 + Level 1.2 Fighting
 - Level 2.0 Dodging
 + Level 3.5 Stealth
 - Level 2.0 Spellcasting
 + Level 4.2 Ice Magic


You had 4 spell levels left.
You knew the following spells:

 Your Spells              Type           Power      Damage    Failure   Level
a - Freeze                Ice            64%        1d8       3%          1

Your spell library contained the following spells:

 Spells                   Type           Power      Damage    Failure   Level
 Frozen Ramparts          Ice            32%        1d5       10%         3
 Ozocubu's Armour         Ice            16%        N/A       10%         3
 Hailstorm                Conj/Ice       8%         3d4       63%         4


Dungeon Overview and Level Annotations

Branches:
Dungeon (2/15)

Altars:


Innate Abilities, Weirdness & Mutations

You cannot wear most types of armour.
You are amphibious.
You can wear up to eight rings at the same time.
Your skin changes colour to match your surroundings (Stealth+).
Your rubbery body absorbs attacks. (AC +1, EV +1)
((You are camouflaged when in or above water. (Stealth+)))
You have tentacles for arms and can constrict up to eight enemies at once.


Message History

The adder skeleton barely misses you.
You tentacle-slap the adder skeleton. Your grab misses the adder skeleton.
You squeeze the adder skeleton.
You destroy the adder skeleton!
The ball python hisses angrily.
There is a stone staircase leading up here.
The ball python barely misses you. The ball python grabs you.
You stop ascending the stairs.
The ball python constricts you.
The ball python's grasp on you weakens, but your attempt to escape fails.
The ball python closely misses you. The ball python constricts you.
The adder bites you.
You barely miss the ball python. Your grab misses the ball python.
The ball python barely misses you. The ball python constricts you.
The adder bites you.
You tentacle-slap the ball python. You grab the ball python.
The ball python is moderately wounded.
You constrict the ball python.
You kill the ball python!
The adder barely misses you. x2
You closely miss the adder. Your grab misses the adder. You squeeze the adder.
The adder is heavily wounded.
The adder bites you but does no damage.
Unknown command.
You tentacle-slap the adder. Your grab misses the adder.
The adder is severely wounded.
The adder misses you.
You closely miss the adder. Your grab misses the adder.
The adder is severely wounded.
The adder misses you.
You closely miss the adder. Your grab misses the adder.
The adder is severely wounded.
The adder bites you.
* * * LOW HITPOINT WARNING * * *
You are poisoned.
The adder poisons you! The adder bites you.
* * * LOW HITPOINT WARNING * * *
It was a potion of haste.
You feel yourself speed up.
* * * LOW HITPOINT WARNING * * *
You feel sick. The adder bites you.
You die...

#. .#.# .......#
#.#.#.#..#
.......#.####
.#.#.#.#..8.#####
.......#?88.....#
.#......†...#
.........8P.#
.......@.####
......†S.#
.........#
.........#
.........#
#.........
....<....#
.........#


You could see an adder.

Vanquished Creatures
  An adder skeleton (D:2)
  A dart slug (D:1)
  2 bats (D:1)
  A giant cockroach (D:1)
  A hobgoblin (D:1)
  4 jackals (D:1)
  A quokka (D:1)
  4 ball pythons
  A frilled lizard (D:1)
  A rat (D:1)
17 creatures vanquished.

Notes
Turn   | Place    | Note
-------+----------+-------------------------------------------
     0 | D:1      | porpoise the Octopode Ice Elementalist began the quest for
                  | the Orb.
     0 | D:1      | Reached XP level 1. HP: 11/11 MP: 3/3
   727 | D:1      | Reached XP level 2. HP: 3/18 MP: 5/5
  1185 | D:1      | Reached skill level 1 in Fighting
  1394 | D:2      | Slain by an adder

Illustrated notes

Levels and vault maps discovered:
D:1:      minmay_arrival_five_plusses, layout_basic
D:2:      layout_rooms, shapermc_ecumenical_altar_mp_highgroup, serial_undead,
          serial_undead_c, serial_undead_c, serial_undead_e, serial_undead_d,
          serial_undead_d, serial_undead_f, hex_medium, st_stairs_5,
          corexii_shack, minmay_circled_x, uniq_robin

Skill      XL: |  1  2 |
---------------+-------+-----
Stealth        | 3 |  3.5
Fighting       | 1 |  1.2
Dodging        | |  2.0
Spellcasting   | |  2.0
Ice Magic      | |  4.2

Action                   || total
-------------------------++-------
Melee: Unarmed           ||    50
       Tentacles         ||    15
       Constrict         ||    12
       Punch             ||     1
  Use: Potion            ||     1
 Stab: Sleeping          ||     3
Armor: Skin              ||     4
Dodge: Dodged            ||    32

Table legend: (Time is in decaauts)
 A = Elapsed time spent in this place.
 B = Non-inter-level travel time spent in this place.
 C = Inter-level travel time spent in this place.
 D = Time resting spent in this place.
 E = Time spent auto-exploring this place.
 F = Levels seen in this place.
 G = Mean time per level.
                   A        B        C        D        E       F      G
               +--------+--------+--------+--------+--------+-----+--------+
         Total |   1393 |   1366 |     27 |    822 |    410 |   2 |  696.5 |
       Dungeon |   1393 |   1366 |     27 |    822 |    410 |   2 |  696.5 |
               +--------+--------+--------+--------+--------+-----+--------+

Top non-repeatable levels by time:
     D:1: 1372 daAuts
     D:2: 20 daAuts
